 Dungeon Crawl Stone Soup version 0.17-a0-1632-g0af21bd (console) character file.

66 Monkaria the Ducker (level 3, -4/25 HPs)
             Began as a Felid Berserker on Aug 2, 2015.
             Was a Believer of Trog.
             Killed by nerve-wracking pain
             ... invoked by an orc priest
              (6 damage)
             ... on level 3 of the Dungeon.
             The game lasted 00:02:22 (2338 turns).

Monkaria the Ducker (Felid Berserker)               Turns: 2338, Time: 00:02:22

Health: -4/25      AC:  1    Str: 19    XL:     3   Next: 96%
Magic:  4/4        EV: 21    Int:  8    God:    Trog [**....]
Gold:   107        SH:  0    Dex: 15    Spells: 0 memorised, 2 levels left
                                        Lives:  0   Deaths: 0

rFire  . . .     SeeInvis +       - Unarmed
rCold  . . .     Clarity  .     (armour unavailable)
rNeg   . . .     SustAt   .     (shield unavailable)
rPois  .         Gourm    .     (helmet unavailable)
rElec  .         Spirit   .     (cloak unavailable)
rCorr  .         Warding  .     (gloves unavailable)
rMut   .         Stasis   .     (boots unavailable)
MR     .....                    (no amulet)
Stlth  ..........               (no ring)
                                (no ring)

@: berserking, very quick, not resistant to hostile enchantments, extremely
unstealthy
A: no armour, no weapons or thrown items, claws 1, fangs 3, see invisible,
carnivore 3, speed 1, shaggy fur 1, slow metabolism 1, sharp paws
a: Burn Spellbooks, Berserk, Trog's Hand, Renounce Religion


You were on level 3 of the Dungeon.
You worshipped Trog.
Trog was pleased with you.
You were completely stuffed.

You visited 1 branch of the dungeon, and saw 3 of its levels.

You collected 107 gold pieces.

Inventory:

Jewellery
 k - an uncursed ring of ice
 o - an uncursed amulet of resist corrosion {unknown}
Scrolls
 b - a scroll of remove curse {unknown}
 d - 7 scrolls of identify {unknown}
 e - a scroll of immolation {unknown}
 f - 3 scrolls of recharging {unknown}
 g - a scroll of random uselessness {unknown}
 h - 2 scrolls of teleportation {unknown}
 i - 2 scrolls of amnesia {unknown}
 n - a scroll of noise {unknown}
Potions
 c - 2 potions of agility {unknown}
 l - a potion of degeneration {unknown}
 m - 2 potions of might {unknown}
Comestibles
 a - a meat ration
 j - a chunk of flesh


   Skills:
 - Level 3.0 Fighting
 + Level 6.5 Dodging
 - Level 3.0 Unarmed Combat


You had 2 spell levels left.
You didn't know any spells.

Dungeon Overview and Level Annotations

Branches:
Dungeon (3/15)

Altars:
Dithmenos
Qazlal
Xom
Yredelemnul
Zin


Innate Abilities, Weirdness & Mutations

You cannot wear armour.
You are incapable of wielding weapons or throwing items.
You have sharp claws.
You have razor-sharp teeth.
You have supernaturally acute eyesight.
You are carnivorous and can eat meat at any time.
You cover ground quickly.
You are covered in fur (AC +1).
You have a slow metabolism.
Your sharp claws are effective at attacking unaware monsters.


Message History

You feel yourself moving faster!
You feel mighty!
You feel somewhat less full. The orc priest hits you with a club.
You claw the orc priest!
The orc priest is severely wounded.
You completely miss the orc priest. Your claw misses the orc priest.
The orc priest is severely wounded.
The orc priest hits you but does no damage.
You barely miss the orc priest.
The orc priest is severely wounded.
The orc priest invokes the aid of Beogh against you.
Something smites you!
Ouch! That really hurt!
* * * LOW HITPOINT WARNING * * *
You scratch the orc priest but do no damage.
The orc priest is severely wounded.
You scratch the orc priest.
The orc priest is almost dead.
The orc priest invokes the aid of Beogh against you.
Pain shoots through your body!
You die...

### #.. #.# ##.# #.#
...# # #.#########
#..# #.##.#....†..#
#..#
#.o@....####.####..#
####.#....%.....#..#
#+#...###.##.#..#
....###.##.#..#
...>............
......###..#.#...
..................
..#########..# ....#


You could see an orc priest.

Vanquished Creatures
  A giant gecko (D:3)
  7 orcs (D:3)
  8 bats
  5 giant cockroaches
  6 hobgoblins
  3 jackals (D:2)
  A quokka (D:2)
  4 ball pythons
  2 giant newts
  7 goblins
  5 kobolds
  5 rats
  A plant (D:1)
55 creatures vanquished.

Notes
Turn   | Place    | Note
--------------------------------------------------------------
     0 | D:1      | Monkaria the Felid Berserker began the quest for the Orb.
     0 | D:1      | Reached XP level 1. HP: 10/10 MP: 2/2
   577 | D:1      | Reached XP level 2. HP: 12/14 MP: 3/3
   786 | D:1      | Reached skill level 5 in Dodging
  1032 | D:2      | Acquired Trog's second power
  1475 | D:2      | Reached XP level 3. HP: 14/17 MP: 4/4
  1484 | D:2      | Found a shadowy altar of Dithmenos.
  1920 | D:3      | Reached skill level 6 in Dodging
  2117 | D:3      | Found a basalt altar of Yredelemnul.
  2129 | D:3      | Found a stormy altar of Qazlal.
  2132 | D:3      | Found a shimmering altar of Xom.
  2135 | D:3      | Found a glowing silver altar of Zin.
  2338 | D:3      | Killed from afar by an orc priest

Vault maps used:
D:1:      dpeg_arrival_chase, serial_bayou_pond_c
D:2:      grunt_dithmenos_smoke_and_mirrors
D:3:      grunt_temple_overflow_cloverleaf, first_bread, fedhas_altar_4

Action                   || total
-------------------------++-------
Melee: Unarmed           ||   192
Invok: Berserk           ||     2
 Stab: Sleeping          ||     4
  Eat: Chunk             ||    11
